 Dungeon Crawl Stone Soup version 0.16.2-12-gd0ad4c3 (webtiles) character file.

287153 dvd the Hoplite (level 20, -5/183 HPs)
             Began as a Minotaur Fighter on Oct 31, 2015.
             Was the Champion of Okawaru.
             Slain by a golden dragon (20 damage)
             ... on level 5 of the Vaults on Nov 1, 2015.
             The game lasted 04:07:28 (44895 turns).

dvd the Hoplite (Minotaur Fighter)                 Turns: 44895, Time: 04:07:30

Health: -5/183     AC: 25    Str: 32    XL:     20   Next: 21%
Magic:  34/38      EV: 21    Int:  5    God:    Okawaru [******]
Gold:   3037       SH: 25    Dex: 16    Spells: 0 memorised, 19 levels left

rFire  + . .     SeeInvis +     j - +7 demon blade of Free Expression {vamp, rPois MP+9 Str+4}
rCold  . . .     Clarity  .     O - +0 chain mail of the Game of Life {rElec rF+ rN+ Int-3}
rNeg   + + .     SustAb   .     l - +5 shield {reflect}
rPois  +         Gourm    +     q - +0 hat {Int+3}
rElec  +         Spirit   .     R - +0 cloak
rCorr  .         Warding  .     z - +2 pair of gloves {archery}
rMut   .         Stasis   .     s - +2 pair of boots {Fly}
MR     +++..                    u - amulet of the gourmand
Stlth  +.........               y - ring "Huosyrudy" {rPois rN+ MR+ MP+9 SInv Stlth+}
                                v - ring of the Hundredfold Songs {MR+ Str+4 Slay+2 SInv}

@: heroism, finesse, flying, constricted, extremely resistant to hostile
enchantments, very unstealthy
A: retaliatory headbutt, horns 2, molten scales 1
a: Heroism, Finesse, Renounce Religion, Stop Flying
}: 1/15 runes: gossamer


You were on level 5 of the Vaults.
You worshipped Okawaru.
Okawaru was exalted by your worship.
You were very full.

You visited 5 branches of the dungeon, and saw 34 of its levels.
You visited the Abyss 1 time.

You collected 3037 gold pieces.

Inventory:

Hand weapons
 a - a +4 scimitar of flaming
 j - the +7 demon blade of Free Expression (weapon) {vamp, rPois MP+9 Str+4}
   (Okawaru gifted it to you on level 3 of the Vaults)

   It inflicts no extra harm, but heals its wielder somewhat when it strikes a
   living foe.
   It affects your strength (+4).
   It protects you from poison.
   It affects your magic capacity (+9).
 N - a +2 demon blade of venom
Missiles
 m - 9 javelins of penetration (quivered)
 S - 4 poisoned javelins
 U - 3 tomahawks of dispersal
Armour
 l - a +5 shield of reflection (worn)
 q - a +0 hat of intelligence (worn)
 s - a +2 pair of boots of flying (worn)
 z - a +2 pair of gloves of archery (worn)
 C - a +6 large shield
 O - the +0 chain mail of the Game of Life (worn) {rElec rF+ rN+ Int-3}
   (You found it on level 4 of the Dungeon)

   It affects your intelligence (-3).
   It protects you from fire.
   It insulates you from electricity.
   It protects you from negative energy.
 R - a +0 cloak (worn)
Jewellery
 u - an amulet of the gourmand (around neck)
 v - the ring of the Hundredfold Songs (left hand) {MR+ Str+4 Slay+2 SInv}
   (You found it on level 12 of the Dungeon)

   [ring of slaying]

   It affects your strength (+4).
   It affects your accuracy and damage with ranged weapons and melee attacks
   (+2).
   It affects your resistance to hostile enchantments.
   It enhances your eyesight.
 y - the ring "Huosyrudy" (right hand) {rPois rN+ MR+ MP+9 SInv Stlth+}
   (You found it on level 5 of the Dungeon)

   [ring of protection from magic]

   It protects you from poison.
   It protects you from negative energy.
   It affects your resistance to hostile enchantments.
   It affects your magic capacity (+9).
   It enhances your eyesight.
   It makes you more stealthy.
 H - an uncursed amulet of resist corrosion
 P - an uncursed amulet of resist mutation
Magical devices
 i - a wand of heal wounds (1)
 k - a wand of paralysis (17)
 n - a wand of cold (8)
 p - a wand of cold (4)
 A - a wand of disintegration (17)
 E - a wand of enslavement (8)
 F - a wand of heal wounds (8)
 G - a wand of teleportation (3)
 K - a wand of heal wounds (7)
 L - a wand of cold (6)
 Q - a wand of flame (24)
 T - a wand of digging (11)
 V - a wand of digging (10)
 X - a wand of cold (9)
 Z - a wand of digging (15)
Scrolls
 b - a scroll of blinking
 c - 3 scrolls of identify
 e - 13 scrolls of teleportation
 o - 2 scrolls of brand weapon
 w - a scroll of recharging
 J - 4 scrolls of fog
 M - 2 scrolls of remove curse
 Y - 3 scrolls of magic mapping
Potions
 f - 12 potions of curing
 h - 4 potions of cancellation
 r - a potion of resistance
 t - 2 potions of agility
 D - 3 potions of magic
 I - 5 potions of might
 W - 2 potions of restore abilities
Comestibles
 d - 19 bread rations
 g - 16 meat rations
 x - 32 fruits
 B - 13 beef jerkies


   Skills:
 + Level 16.9(21.9) Fighting
   Level 3.5(18.0) Short Blades
 + Level 20.0(25.1) Long Blades
   Level 2.2(7.2) Polearms
 + Level 6.2(11.2) Throwing
 + Level 14.7(19.7) Armour
 + Level 12.3(17.3) Dodging
 + Level 3.3(8.3) Stealth
 + Level 24.3(27) Shields
 + Level 4.6 Invocations
 + Level 3.4 Evocations


You had 19 spell levels left.
You didn't know any spells.

Dungeon Overview and Level Annotations

Branches:
Dungeon (15/15)            Temple (1/1) D:4            Lair (8/8) D:10
 Shoals (0/5) Lair:4       Spider (5/5) Lair:5        Slime (0/6) Lair:6
    Orc (0/4) D:10         Vaults (5/5) D:14          Crypt (0/3) Vaults:2
 Depths (0/5) D:15

Altars:
Ashenzari
Cheibriados
Dithmenos
Elyvilon
Fedhas
Gozag
Kikubaaqudgha
Makhleb
Nemelex Xobeh
Okawaru
Qazlal
Ru
Sif Muna
Trog
Vehumet
Xom
Yredelemnul
Zin
The Shining One
Jiyva

Shops:
D:9 =   D:14 (   D:15 (   Vaults:1 [   Vaults:2 [   Vaults:3 **(:

Portals:
Trove: Vaults:4 (give 2 scrolls of acquirement)


Innate Abilities, Weirdness & Mutations

You reflexively headbutt those who attack you in melee.
You have a pair of horns on your head.
You are partially covered in molten scales (AC +1).


Message History

The shadow dragon barely misses you. You block the shadow dragon's attack.
The tentacled monstrosity tentacle-slaps you.
* * * LOW HITPOINT WARNING * * *
The tentacled monstrosity tentacle-slaps you but does no damage.
The tentacled monstrosity barely misses you.
* * * LOW HITPOINT WARNING * * *
The tentacled monstrosity constricts you.
An ironbrand convoker comes into view. It is wielding a dire flail.
You closely miss the quicksilver dragon.
Your headbutt misses the quicksilver dragon.
The quicksilver dragon is lightly wounded.
You block the quicksilver dragon's attack.
The quicksilver dragon completely misses you.
You closely miss the quicksilver dragon.
You headbutt the quicksilver dragon.
The quicksilver dragon is lightly wounded.
You block the storm dragon's attack. x2
The storm dragon tramples you but does no damage.
You block the fire giant's attack. The golden dragon bites you!!
You die...

*,,,,,,,,***,,,*#....#...,,,,,*,,
**********,,..#*#....#....,,,,,*,
,,,,,,,,,,,,,(.##|...#.....,,,,,*
***********,,#..#....#....,,,,,,,
,,,,,,,,,,,,*#...........,,,,,,,,
*********######....)...######****
,,,,,,,,,...........[........,,,,
,,,,,,,,........DD<<(........,,,,
,,,,,,,,........@Dp)<†.D......,,,
,,,,,,,,.......XCD<<)[........,,,
*********#####%.9^).$..#######***
,,,,,,,,,,........$p..p.#,***,***
,,,,,,,,,,..##.......#o#...*,,,*,
,,,,,,,,,,#**##.#(...##.#.#,*,*,*
,,,,,,***,* *#.#....#,..#.D,*,,,
,,,******+****..#....#*.#.#,*,*,*
,,*****,,,,+,...#....#*#.,,*,,,*,


You could see a shadow dragon, a tentacled monstrosity, 2 golden dragons, a
storm dragon, a fire giant, a quicksilver dragon, a vault warden, a vault guard,
an orc knight, a war gargoyle and an ironbrand convoker.

Vanquished Creatures
  Margery (Vaults:3)
  2 tentacled monstrosities (Vaults:5)
  3 liches
  A quicksilver dragon (Vaults:3)
  A titan (Vaults:5)
  A storm dragon (Vaults:4)
  Agnes (Vaults:2)
  A tengu reaver (Vaults:4)
  An ancient champion (Vaults:2)
  8 vault wardens
  An iron dragon (Vaults:4)
  An orc warlord (Vaults:4)
  8 emperor scorpions
  Louise (Spider:3)
  A frost giant (Vaults:3)
  A deep elf sorcerer (Vaults:5)
  4 ghost moths
  7 ironheart preservers
  Gastronok (D:10)
  A very ugly thing (Vaults:4)
  5 stone giants
  Azrael (Spider:4)
  2 deep elf annihilators (Vaults:2)
  2 ettins (Vaults:4)
  An unborn (Vaults:2)
  A deep elf death mage (Vaults:1)
  Snorg (Lair:5)
  2 crystal guardians (Vaults:3)
  30 vault guards
  The ghost of spinkules the Severer, a powerful MiBe of Trog (Lair:4)
  12 yaktaur captains
  A fire dragon (Vaults:3)
  2 ice dragons
  3 great orbs of eyes
  7 hydras
  Harold (Lair:5)
  The ghost of spinkules the Severer, a powerful MiBe of Trog (D:11)
  Nessos (D:11)
  A deep troll earth mage (Vaults:3)
  The ghost of schauveau the Geomancer, a powerful GrEE of Vehumet (D:10)
  10 centaur warriors
  A deep troll shaman (Vaults:3)
  14 ogre magi
  3 tengu warriors
  Urug (D:11)
  Nergalle (Lair:1)
  5 hell knights (Vaults:3)
  5 skeletal warriors (Vaults:2)
  Erolcha (D:12)
  A fire crab (shapeshifter) (Vaults:1)
  2 fire crabs
  3 deep elf knights
  3 unseen horrors
  A storm dragon skeleton (Vaults:4)
  6 deep trolls (Vaults:3)
  A deep elf summoner (Vaults:1)
  6 ironbrand convokers
  A harpy (shapeshifter) (Vaults:3)
  Pikel (D:4)
  4 necromancers
  A tengu zombie (Vaults:4)
  6 deep elf conjurers
  A wolf spider zombie (D:15)
  2 wizards (D:15)
  An orc sorcerer (Vaults:4)
  37 wolf spiders
  9 hill giants
  3 phantasmal warriors
  A moth of wrath (Spider:2)
  An oklob plant (Lair:6)
  17 orb spiders
  A salamander (Abyss:1)
  A tengu skeleton (Vaults:3)
  13 orc knights
  17 ugly things
  A frost giant zombie (Vaults:4)
  6 cyclopes
  A hornet (shapeshifter) (Vaults:1)
  6 griffons
  A manticore (D:13)
  An octopode (shapeshifter) (Vaults:2)
  16 elephants
  3 hornets
  A guardian serpent (Abyss:1)
  Joseph (D:12)
  2 centaur zombies (D:14)
  13 vault sentinels
  11 black mambas
  A torpor snail (Spider:4)
  An orange crystal statue (Vaults:2)
  An apocalypse crab (Abyss:1)
  A naga mage (Abyss:1)
  A yaktaur zombie (Vaults:3)
  16 spiny frogs
  A komodo dragon (Lair:7)
  14 demonic crawlers
  A tengu conjurer (D:15)
  4 kobold demonologists
  A fire drake (Lair:8)
  A fire drake (shapeshifter) (Vaults:3)
  3 efreet
  A redback zombie (Vaults:3)
  3 small abominations
  33 yaktaurs
  6 freezing wraiths
  2 trolls
  2 deep elf priests (Vaults:1)
  30 jumping spiders
  16 slime creatures
  A hellwing (Abyss:1)
  A fire giant simulacrum (Vaults:2)
  A tengu simulacrum (Vaults:3)
  3 raiju (Abyss:1)
  6 ravens
  30 blink frogs
  2 ugly thing zombies (Vaults:3)
  38 two-headed ogres
  A boulder beetle (shapeshifter) (Vaults:1)
  4 basilisks
  6 boulder beetles
  An ugly thing skeleton (Vaults:3)
  A baby alligator (shapeshifter) (D:15)
  A frost giant simulacrum (Vaults:2)
  36 yaks
  30 tarantellas
  57 redbacks
  A spriggan (Lair:7)
  25 trapdoor spiders
  7 deep elf magi
  A human (D:10)
  3 wraiths
  10 deep elf fighters
  3 hungry ghosts
  13 vampire mosquitoes
  6 hippogriffs
  A human simulacrum (Vaults:1)
  A warg (Vaults:1)
  A deep troll zombie (Vaults:2)
  2 mottled dragons
  13 wolves
  13 swamp worms (Spider:1)
  2 fire elementals (Spider:4)
  3 nagas (Abyss:1)
  4 hell hounds (Spider:4)
  23 water moccasins
  6 sky beasts
  9 porcupines
  An eye of draining (shapeshifter) (Vaults:4)
  2 phantoms
  42 spiders
  A boggart (D:14)
  29 orc warriors
  2 necrophages
  An ice beast (D:13)
  4 wasps
  2 black bears
  46 ogres
  9 crocodiles
  9 big kobolds
  Duvessa (D:4)
  18 centaurs
  An elf zombie (D:9)
  37 giant frogs
  A wyvern zombie (D:9)
  A wyvern skeleton (D:9)
  14 killer bees
  7 wights
  13 scorpions
  2 vampire bats (D:6)
  An electric eel (Lair:8)
  4 goliath beetles
  Dowan (D:4)
  7 crimson imps
  3 giant frog zombies
  3 quasits
  3 jellies
  4 human zombies
  2 centaur skeletons
  13 hounds
  6 human skeletons
  6 orc priests
  7 giant frog skeletons
  18 orc wizards
  Natasha (D:3)
  13 iguanas
  11 worker ants
  17 sheep
  A killer bee zombie (D:7)
  Ijyb (D:4)
  3 ogre zombies (Vaults:3)
  An ogre skeleton (D:9)
  4 mummies
  Robin (D:3)
  56 river rats
  26 adders
  2 gnolls (D:7)
  A giant mite (D:5)
  2 shadow imps
  8 worms
  An ufetubus (D:15)
  8 giant geckos
  3 oozes
  74 orcs
  2 bat skeletons (D:6)
  5 bat zombies
  14 hobgoblins
  6 jackals
  43 kobolds
  10 quokkas
  3 ball pythons
  13 bats
  3 giant cockroaches
  5 giant newts
  A giant spore (D:10)
  20 goblins
  2 orc zombies
  A quokka zombie (D:9)
  13 rats
  4 ballistomycetes
  2 crawling corpses (Vaults:1)
  A fungus (Lair:8)
  2 plants
1576 creatures vanquished.

Vanquished Creatures (others)
  A fire giant (Vaults:4)
  4 yaktaur captains
  3 centaur warriors
  An ogre mage (Vaults:3)
  A flayed ghost (Vaults:5)
  2 ironbrand convokers (Vaults:4)
  A wolf spider (Spider:3)
  An orb spider (Spider:4)
  A cyclops (Vaults:2)
  13 yaktaurs
  A fire elemental (Spider:4)
  A deep elf fighter (Vaults:1)
  4 slaves (D:4)
  2 ogres
  2 centaurs
  A killer bee (D:10)
  A hell rat (Vaults:1)
  An ufetubus (Vaults:5)
  An orc (Vaults:5)
  3 giant spores
  2 kobolds
  A bush (Lair:8)
  38 fungi
  38 plants
124 creatures vanquished.

Grand Total: 1700 creatures vanquished

Notes
Turn   | Place    | Note
--------------------------------------------------------------
     0 | D:1      | dvd, the Minotaur Fighter, began the quest for the Orb.
     0 | D:1      | Reached XP level 1. HP: 19/19 MP: 1/1
   155 | D:1      | Reached XP level 2. HP: 27/27 MP: 1/1
   316 | D:1      | Reached skill level 4 in Shields
   676 | D:2      | Reached XP level 3. HP: 33/33 MP: 2/2
   814 | D:2      | Reached XP level 4. HP: 38/40 MP: 2/2
   931 | D:2      | Found an opulent altar of Gozag.
  1051 | D:2      | Found a sacrificial altar of Ru.
  1398 | D:3      | Noticed Robin
  1421 | D:3      | Killed Robin
  1470 | D:3      | Reached skill level 1 in Short Blades
  1651 | D:3      | Reached skill level 1 in Dodging
  1729 | D:3      | Reached XP level 5. HP: 46/46 MP: 2/2
  2036 | D:3      | Noticed Natasha
  2048 | D:3      | Killed Natasha
  2364 | D:4      | Found a radiant altar of Vehumet.
  2479 | D:4      | Noticed Ijyb
  2484 | D:4      | Reached skill level 5 in Shields
  2497 | D:4      | Killed Ijyb
  2510 | D:4      | Reached XP level 6. HP: 33/53 MP: 3/3
  2534 | D:4      | Noticed Duvessa
  2536 | D:4      | Noticed Dowan
  2540 | D:4      | Killed Duvessa
  2540 | D:4      | Reached skill level 5 in Armour
  2544 | D:4      | Killed Dowan
  2666 | D:4      | Got an ichor-stained chain mail
  2677 | D:4      | Identified the cursed +0 chain mail of the Game of Life {rElec rF+ rN+ Int-3} (You found it on level 4 of the Dungeon)
  2742 | D:4      | Found a sparkling altar of Nemelex Xobeh.
  2752 | D:4      | Found a snail-covered altar of Cheibriados.
  2754 | D:4      | Noticed Pikel
  2755 | D:4      | Noticed a slave
  2755 | D:4      | Noticed a slave
  2755 | D:4      | Noticed a slave
  2756 | D:4      | Noticed a slave
  2823 | D:4      | Noticed an ogre
  3155 | D:4      | Killed an ogre
  3155 | D:4      | Killed a slave
  3174 | D:4      | Killed a slave
  3198 | D:4      | Killed a slave
  3230 | D:4      | Reached XP level 7. HP: 56/60 MP: 3/3
  3281 | D:4      | Found a staircase to the Ecumenical Temple.
  3307 | Temple   | Entered the Ecumenical Temple
  3488 | D:4      | Killed a slave
  3711 | D:4      | Killed Pikel
  3711 | D:4      | Reached skill level 5 in Fighting
  3791 | D:4      | Reached skill level 6 in Shields
  3869 | D:4      | Found a stormy altar of Qazlal.
  4010 | D:5      | Entered Level 5 of the Dungeon
  4137 | D:5      | Got a sparkling amber ring
  4138 | D:5      | Identified the ring "Huosyrudy" {rPois rN+ MR+ MP+9 SInv Stlth+} (You found it on level 5 of the Dungeon)
  4941 | D:5      | Found a glowing golden altar of the Shining One.
  5186 | D:6      | Reached XP level 8. HP: 68/68 MP: 3/3
  5531 | D:6      | Reached skill level 5 in Long Blades
  5531 | D:6      | Reached skill level 7 in Armour
  5675 | D:6      | Found an ancient bone altar of Kikubaaqudgha.
  6093 | D:7      | Reached skill level 1 in Stealth
  6474 | D:7      | Reached skill level 8 in Shields
  6655 | D:7      | Reached XP level 9. HP: 72/75 MP: 4/4
  6874 | D:7      | Found an iron altar of Okawaru.
  6899 | D:7      | Became a worshipper of Warmaster Okawaru
  7213 | D:8      | Found a shadowy altar of Dithmenos.
  7778 | D:9      | Found a blossoming altar of Fedhas.
  7952 | D:9      | Reached skill level 9 in Shields
  7967 | D:9      | Acquired Okawaru's first power
  8033 | D:9      | Noticed a cyclops
  8048 | D:9      | Killed a cyclops
  8048 | D:9      | Reached skill level 1 in Throwing
  8415 | D:9      | Found a basalt altar of Yredelemnul.
  8585 | D:9      | Reached XP level 10. HP: 80/86 MP: 4/4
  8743 | D:9      | Reached skill level 10 in Shields
  8783 | D:9      | Found a shattered altar of Ashenzari.
  8790 | D:9      | Lost intelligence.
  8820 | D:9      | Lost intelligence.
  9124 | D:9      | Found Nuig Crech's Jewellery Shoppe.
  9316 | D:10     | Entered Level 10 of the Dungeon
  9427 | D:10     | Noticed schauveau's ghost (powerful GrEE)
  9432 | D:10     | Noticed an unseen horror
  9452 | D:10     | Killed an unseen horror
  9452 | D:10     | Reached skill level 5 in Dodging
  9477 | D:10     | Killed schauveau's ghost
  9477 | D:10     | Reached skill level 11 in Shields
  9477 | D:10     | Reached skill level 1 in Invocations
  9492 | D:10     | Found a staircase to the Orcish Mines.
  9496 | D:10     | Noticed an elephant
  9523 | D:10     | Killed an elephant
  9979 | D:10     | Found a staircase to the Lair.
 10035 | Lair:1   | Entered Level 1 of the Lair of Beasts
 10078 | Lair:1   | Noticed Nergalle
 10104 | Lair:1   | Killed Nergalle
 10104 | Lair:1   | Reached skill level 12 in Shields
 10863 | Lair:1   | Got a twisted trident
 10864 | Lair:1   | Identified the +2 trident "Pradghy" {pain, Dex+3} (You found it on level 1 of the Lair of Beasts)
 10882 | Lair:2   | Reached XP level 11. HP: 93/95 MP: 6/6
 11021 | Lair:2   | Noticed a four-headed hydra
 11256 | Lair:2   | Killed a four-headed hydra
 11418 | Lair:2   | Acquired Okawaru's second power
 11742 | Lair:2   | Reached skill level 10 in Armour
 12249 | Lair:3   | Reached skill level 13 in Shields
 12262 | Lair:3   | Received a gift from Okawaru
 12463 | Lair:3   | Noticed a seven-headed hydra
 12774 | Lair:2   | Reached skill level 1 in Polearms
 12867 | Lair:3   | Killed a seven-headed hydra
 13014 | Lair:3   | Reached XP level 12. HP: 104/104 MP: 9/9
 13047 | Lair:3   | Reached skill level 14 in Shields
 13134 | Lair:3   | Reached skill level 10 in Long Blades
 13353 | Lair:3   | Received a gift from Okawaru
 13992 | Lair:4   | Noticed spinkules' ghost (powerful MiBe)
 14028 | Lair:4   | Killed spinkules' ghost
 14417 | Lair:4   | Gained mutation: You are partially covered in molten scales (AC +1). [potion of mutation]
 14417 | Lair:4   | Gained mutation: Potions and wands are less effective at restoring your health. [potion of mutation]
 14417 | Lair:4   | Gained mutation: You are agile. (Dex +2) [potion of mutation]
 14487 | Lair:4   | Found a staircase to the Shoals.
 14586 | Lair:4   | Found a blossoming altar of Fedhas.
 15078 | Lair:5   | Reached skill level 15 in Shields
 15120 | Lair:5   | Reached skill level 10 in Fighting
 15201 | Lair:5   | Noticed a seven-headed hydra
 15213 | Lair:5   | Killed a seven-headed hydra
 15276 | Lair:5   | Noticed Harold
 15311 | Lair:5   | Killed Harold
 15400 | Lair:5   | Reached skill level 1 in Evocations
 15410 | Lair:5   | Found a hole to the Spider Nest.
 15634 | Lair:5   | Noticed Snorg
 15646 | Lair:5   | Killed Snorg
 16167 | Spider:1 | Entered Level 1 of the Spider Nest
 16319 | Spider:1 | Reached XP level 13. HP: 99/113 MP: 12/12
 16684 | Spider:1 | Reached skill level 16 in Shields
 16708 | Spider:1 | Received a gift from Okawaru
 18660 | Spider:2 | HP: 1/114 [redback (12)]
 19110 | Spider:2 | Received a gift from Okawaru
 19125 | Spider:2 | Reached skill level 17 in Shields
 19300 | Spider:2 | Received a gift from Okawaru
 19348 | Spider:2 | Noticed an emperor scorpion
 19430 | Spider:2 | Killed an emperor scorpion
 19450 | Spider:2 | Reached XP level 14. HP: 21/122 MP: 13/13
 19798 | Spider:2 | Noticed an emperor scorpion
 19850 | Spider:2 | Killed an emperor scorpion
 19890 | Spider:2 | Identified a scroll of acquirement
 20591 | Spider:3 | Received a gift from Okawaru
 20609 | Spider:3 | Noticed a ghost moth
 20613 | Spider:3 | Noticed Louise
 20645 | Spider:3 | Killed Louise
 20646 | Spider:3 | Killed a ghost moth
 20646 | Spider:3 | Reached skill level 18 in Shields
 22516 | Spider:4 | Noticed Azrael
 22544 | Spider:4 | Killed Azrael
 22951 | Spider:4 | Received a gift from Okawaru
 22978 | Spider:4 | Reached skill level 19 in Shields
 23547 | Spider:5 | Entered Level 5 of the Spider Nest
 24004 | Spider:5 | Reached XP level 15. HP: 130/130 MP: 15/15
 24115 | Spider:5 | Noticed an emperor scorpion
 24163 | Spider:5 | Killed an emperor scorpion
 24180 | Spider:5 | Received a gift from Okawaru
 24472 | Spider:5 | Received a gift from Okawaru
 24565 | Spider:5 | Noticed an emperor scorpion
 24601 | Spider:5 | Killed an emperor scorpion
 24619 | Spider:5 | Noticed an emperor scorpion
 24698 | Spider:5 | Killed an emperor scorpion
 25053 | Spider:5 | Noticed a ghost moth
 25053 | Spider:5 | Noticed an emperor scorpion
 25053 | Spider:5 | Noticed an emperor scorpion
 25056 | Spider:5 | Noticed an emperor scorpion
 25072 | Spider:5 | Killed a ghost moth
 25099 | Spider:5 | Killed an emperor scorpion
 25099 | Spider:5 | Reached skill level 20 in Shields
 25119 | Spider:5 | Killed an emperor scorpion
 25149 | Spider:5 | Killed an emperor scorpion
 25230 | Spider:5 | Noticed a ghost moth
 25247 | Spider:5 | Killed a ghost moth
 25253 | Spider:5 | Got a gossamer rune of Zot
 25603 | Lair:6   | Reached skill level 10 in Dodging
 25767 | Lair:6   | Found a staircase to the Snake Pit.
 25774 | Lair:6   | Received a gift from Okawaru
 26363 | Lair:6   | Found a viscous altar of Jiyva.
 26363 | Lair:6   | Found a staircase to the Slime Pits.
 26504 | Lair:7   | Identified a +0 rod of destruction (10/10) (You found it on level 7 of the Lair of Beasts)
 27273 | Lair:8   | Entered Level 8 of the Lair of Beasts
 27571 | Lair:8   | Received a gift from Okawaru
 27601 | Lair:8   | Reached XP level 16. HP: 106/139 MP: 17/17
 27660 | Lair:8   | Received a gift from Okawaru
 27971 | Lair:8   | Received a gift from Okawaru
 29228 | D:10     | Noticed Gastronok
 29252 | D:10     | Killed Gastronok
 29303 | D:10     | Noticed a hill giant
 29313 | D:10     | Killed a hill giant
 29655 | D:11     | Noticed Urug
 29672 | D:11     | Killed Urug
 29737 | D:11     | Reached skill level 5 in Throwing
 29774 | D:11     | Noticed spinkules' ghost (powerful MiBe)
 29790 | D:11     | Killed spinkules' ghost
 29854 | D:11     | Noticed Nessos
 29869 | D:11     | Killed Nessos
 30391 | D:11     | Reached skill level 21 in Shields
 30776 | D:12     | Noticed Erolcha
 30785 | D:12     | Killed Erolcha
 30785 | D:12     | Reached skill level 15 in Long Blades
 31014 | D:12     | Got a scintillating steel ring
 31055 | D:12     | Identified the ring of the Hundredfold Songs {MR+ Str+4 Slay+2 SInv} (You found it on level 12 of the Dungeon)
 31101 | D:12     | Noticed Joseph
 31113 | D:12     | Killed Joseph
 31938 | D:14     | Found Ghiogri's Weapon Shoppe.
 32080 | D:14     | Received a gift from Okawaru
 32085 | D:14     | Found a gate to the Vaults.
 32783 | D:15     | Entered Level 15 of the Dungeon
 33113 | D:15     | Found Vacsuceze's Antique Weapon Shoppe.
 33477 | D:15     | Reached XP level 17. HP: 104/150 MP: 17/17
 33617 | D:15     | Found a staircase to the Depths.
 33865 | Vaults:1 | Entered Level 1 of the Vaults
 34131 | Vaults:1 | Received a gift from Okawaru
 35115 | Vaults:1 | Found Zuimamy's Armour Shop.
 35374 | Vaults:1 | Reached skill level 22 in Shields
 37080 | Vaults:2 | Noticed Agnes
 37089 | Vaults:2 | Killed Agnes
 37206 | Vaults:2 | Received a gift from Okawaru
 37821 | Vaults:2 | Found a staircase to the Crypt.
 38104 | Vaults:2 | Found Visuth's Armour Emporium.
 38116 | Vaults:2 | Reached XP level 18. HP: 34/161 MP: 18/18
 39804 | Vaults:2 | Reached skill level 15 in Fighting
 40240 | Vaults:3 | Received a gift from Okawaru
 40284 | Vaults:3 | Lost mutation: You are agile. (Dex +2) [potion of cure mutation]
 40284 | Vaults:3 | Lost mutation: Potions and wands are less effective at restoring your health. [potion of cure mutation]
 40801 | Vaults:3 | Received a gift from Okawaru
 40807 | Vaults:3 | Got a dazzling demon blade {god gift}
 40808 | Vaults:3 | Identified the +7 demon blade of Free Expression {vamp, rPois MP+9 Str+4} (Okawaru gifted it to you on level 3 of the Vaults)
 40996 | Vaults:3 | Reached skill level 23 in Shields
 41071 | Vaults:3 | Noticed Margery
 41110 | Vaults:3 | Cast into the Abyss (hell knight)
 41388 | Vaults:3 | Escaped the Abyss
 41403 | Vaults:3 | Killed Margery
 41543 | Vaults:3 | Received a gift from Okawaru
 41581 | Vaults:3 | Got a brightly glowing plate armour {god gift}
 41592 | Vaults:3 | Identified the -5 plate armour of Stucoahe {+Fly rF- Dex+4} (Okawaru gifted it to you on level 3 of the Vaults)
 41772 | Vaults:3 | Got a polished leather armour
 41783 | Vaults:3 | Identified the +2 leather armour of Skeades {MR+} (You found it on level 3 of the Vaults)
 41997 | Vaults:3 | Reached XP level 19. HP: 170/170 MP: 20/20
 42305 | Vaults:3 | Found Ceujuy's Book Emporium.
 42627 | Vaults:3 | Found Ble Twel's Assorted Antiques.
 42641 | Vaults:3 | Found Cianat's Antique Weapon Emporium.
 42686 | Vaults:3 | Found Likhim's Assorted Antiques.
 43105 | Vaults:4 | Found a portal to a secret trove of treasure.
 43604 | Vaults:4 | Received a gift from Okawaru
 44452 | Vaults:5 | Entered Level 5 of the Vaults
 44526 | Vaults:4 | Received a gift from Okawaru
 44526 | Vaults:4 | Reached skill level 24 in Shields
 44637 | Vaults:5 | Reached XP level 20. HP: 115/182 MP: 20/20
 44670 | Vaults:5 | Noticed a golden dragon
 44872 | Vaults:5 | Noticed a golden dragon
 44895 | Vaults:5 | Slain by a golden dragon

Action                   |  1- 3 |  4- 6 |  7- 9 | 10-12 | 13-15 | 16-18 | 19-21 || total
-------------------------+-------+-------+-------+-------+-------+-------+-------++-------
Melee: Long sword        |    28 |       |       |       |       |       |       ||    28
       Short sword       |    69 |   220 |       |       |       |       |       ||   289
       Falchion          |       |    25 |   483 |   997 |  1148 |     2 |       ||  2655
       Trident           |       |       |       |    67 |       |       |       ||    67
       Scimitar          |       |       |       |       |   723 |  1671 |       ||  2394
       Demon blade       |       |       |       |       |       |   252 |   695 ||   947
Throw: Javelin           |       |       |     9 |    39 |    91 |    81 |       ||   220
       Throwing net      |       |       |     2 |     2 |       |       |       ||     4
       Tomahawk          |       |       |       |     2 |    13 |     4 |       ||    19
Invok: Heroism           |       |       |       |    11 |    19 |     6 |     5 ||    41
       Finesse           |       |       |       |       |     1 |     1 |     1 ||     3
Evoke: Wand              |       |       |       |    16 |    47 |    45 |     4 ||   112
       Deck              |       |       |       |     1 |       |       |       ||     1
  Use: Potion            |       |     1 |     8 |     8 |    12 |     4 |       ||    33
       Scroll            |       |       |    16 |    14 |    20 |    16 |     5 ||    71
 Stab: Paralysed         |       |     1 |       |       |    16 |     1 |       ||    18
       Held in net/web   |       |       |     2 |       |       |       |       ||     2
       Distracted        |       |       |       |       |     1 |       |       ||     1
       Confused          |       |       |       |       |       |     5 |       ||     5
  Eat: Chunk             |       |     8 |    25 |    34 |    39 |    50 |    19 ||   175
       Pizza             |       |       |       |     1 |       |     3 |       ||     4
       Royal jelly       |       |       |       |       |       |     2 |       ||     2
